 Dungeon Crawl Stone Soup version 0.28.0-53-g5a82cb258f (webtiles) character file.

Game seed: 7144471219575427404

105 HatHat the Slasher (level 4, 0/37 HPs)
             Began as a Demonspawn Chaos Knight on May 30, 2022.
             Was a Plaything of Xom.
             Constricted to death by a ball python (1 damage)
             ... on level 4 of the Dungeon.
             The game lasted 00:12:05 (1817 turns).

HatHat the Slasher (Demonspawn Chaos Knight)        Turns: 1817, Time: 00:12:06

Health: 0/37       AC:  9    Str: 14    XL:     4   Next: 54%
Magic:  4/4        EV:  8    Int: 13    God:    Xom [..*...]
Gold:   123        SH:  0    Dex: 13    Spells: 3/3 levels left

rFire   + . .      SeeInvis .   a - +1 falchion (chaos)
rCold   . . .      Faith    .   (no shield)
rNeg    . . .      Spirit   .   b - +3 leather armour
rPois   .          Reflect  .   (no helmet)
rElec   .          Harm     .   (no cloak)
rCorr   .          Rampage  .   e - +0 pair of gloves
Will    .....                   (no boots)
Stlth   +.........              (no amulet)
HPRegen 0.12/turn               j - ring of protection from fire
MPRegen 0.09/turn               (no ring)

@: hasted, constricted, very quick
A: thin metallic scales 1, foul stench 1
a: Renounce Religion


You were on level 4 of the Dungeon.
You worshipped Xom.
You were a toy of Xom.
You visited 1 branch of the dungeon, and saw 4 of its levels.

You collected 123 gold pieces.

Inventory:

Hand Weapons
 a - a +1 falchion of chaos (weapon)
 c - a +0 hand axe
Armour
 b - a +3 leather armour (worn)
 e - a +0 pair of gloves (worn)
Jewellery
 f - a ring of magical power
 j - a ring of protection from fire (left hand)
Potions
 d - a potion of degeneration {unknown}
 g - a potion of mutation {unknown}


   Skills:
 + Level 3.7 Fighting
 + Level 3.9 Long Blades
 + Level 2.1 Armour
 + Level 1.4 Dodging
 + Level 0.4 Stealth


You had 3 spell levels left.
You didn't know any spells.
Your spell library contained the following spells:

 Spells                   Type           Power      Damage    Failure   Level
 Gell's Gravitas          Tloc           0%         N/A       75%         3
 Inner Flame              Hex/Fire       0%         N/A       75%         3
 Lesser Beckoning         Tloc           0%         N/A       75%         3
 Teleport Other           Tloc           0%         N/A       75%         3
 Cause Fear               Hex            0%         N/A       98%         4
 Discord                  Hex            0%         N/A       100%        8


Dungeon Overview and Level Annotations

Branches:
Dungeon (4/15)
 Temple: D:4-7

Altars:
Hepliaklqana
Kikubaaqudgha
Okawaru
Trog
Uskayaw
Xom

Shops:
D:2 [*:((


Innate Abilities, Weirdness & Mutations

You are partially covered in thin metallic scales. (AC +2)
You may rarely emit foul miasma when damaged in melee.


Message History

The ball python constricts you.
The ball python bites you but does no damage.
The ball python constricts you.
The ball python bites you but does no damage.
The ball python constricts you.
The ball python bites you but does no damage.
The ball python constricts you. The ball python completely misses you.
The ball python constricts you.
* * * LOW HITPOINT WARNING * * *
The ball python bites you.
* * * LOW HITPOINT WARNING * * *
The ball python constricts you. The ball python completely misses you.
The ball python constricts you.
The ball python bites you but does no damage.
The ball python constricts you. Xom smiles on you.
You feel yourself speed up.
The ball python bites you but does no damage.
The ball python constricts you. The ball python completely misses you.
The ball python constricts you.
The ball python bites you but does no damage.
The ball python constricts you. The ball python bites you.
* * * LOW HITPOINT WARNING * * *
The ball python constricts you.
The ball python bites you but does no damage.
The ball python constricts you.
The ball python bites you but does no damage.
The ball python constricts you. "How about this?"
Your +0 hand axe briefly glows.
The ball python bites you.
* * * LOW HITPOINT WARNING * * *
The ball python constricts you. The ball python bites you.
* * * LOW HITPOINT WARNING * * *
The ball python constricts you.
The ball python bites you but does no damage.
The ball python constricts you.
You die...
Xom guffaws! ........## ........ ....... ..... .... lg#

#S# #@#
#.# #.#
#.# #.###
#...# #
####.##
#.#.....#
#.#.##..#


You could see an iguana, a hobgoblin and a ball python.

Vanquished Creatures
  An iguana (D:4)
  2 adders (D:2)
  2 worms (D:2)
  A dart slug (D:1)
  6 endoplasms
  A giant cockroach (D:1)
  7 goblins
  9 hobgoblins
  5 kobolds
  A quokka (D:2)
  2 ball pythons
  5 bats
  2 frilled lizards (D:3)
  5 rats
49 creatures vanquished.

Vanquished Creatures (others)
  5 plants (D:2)
5 creatures vanquished.

Grand Total: 54 creatures vanquished

Notes
Turn   | Place    | Note
-------+----------+-------------------------------------------
     0 | D:1      | HatHat the Demonspawn Chaos Knight began the quest for the
                  | Orb.
     0 | D:1      | Reached XP level 1. HP: 18/18 MP: 1/1
   159 | D:1      | Gained mutation: You are partially covered in thin metallic
                  | scales. (AC +2) [demonic ancestry]
   159 | D:1      | Reached XP level 2. HP: 24/24 MP: 2/2
   336 | D:1      | XOM: silly message
   706 | D:2      | Found a faded altar of an unknown god.
   718 | D:2      | Gained mutation: You may rarely emit foul miasma when
                  | damaged in melee. [demonic ancestry]
   718 | D:2      | Reached XP level 3. HP: 29/29 MP: 3/3
   864 | D:2      | Reached skill level 1 in Dodging
  1017 | D:2      | Found Qiysi's Assorted Antiques.
  1071 | D:2      | Found Malapol's Armour Shoppe.
  1072 | D:2      | Found Wenuext's Antique Weapon Emporium.
  1220 | D:2      | Found Uleopp's Antique Weapon Shop.
  1222 | D:2      | XOM: divination: detect items
  1239 | D:2      | XOM: silly message
  1248 | D:2      | Reached XP level 4. HP: 37/37 MP: 4/4
  1248 | D:2      | XOM: scenery: create altars
  1304 | D:2      | Found Liawot's Book Shoppe.
  1404 | D:2      | XOM: scenery: create altars
  1501 | D:3      | Found a hazy altar of Hepliaklqana.
  1501 | D:3      | Found an ancient bone altar of Kikubaaqudgha.
  1501 | D:3      | Found an iron altar of Okawaru.
  1532 | D:3      | Found a hide-covered altar of Uskayaw.
  1532 | D:3      | Found a bloodstained altar of Trog.
  1533 | D:3      | Found a shimmering altar of Xom.
  1615 | D:3      | XOM: cloud trail
  1807 | D:4      | XOM: potion effect (haste)
  1814 | D:4      | XOM: silly message
  1815 | D:4      | HP: 1/37 [ball python (1)]
  1817 | D:4      | Constricted to death by a ball python

Illustrated notes

Levels and vault maps discovered:
D:1:      nzn_arrival_settlement, layout_rooms, minmay_tromino_v4_c
D:2:      cheibrodos_helix_gallery, layout_basic,
          hellmonk_ecumenical_altar_inner_sanctum, serial_shops,
          nicolae_shop_trees, nicolae_shop_waterfront,
          nicolae_shop_competitors_out_of_business, shop, nicolae_square_shop,
          serial_forest, infiniplex_forest_clump_small, infiniplex_forest_split,
          infiniplex_forest_clump_double, infiniplex_forest_straight_4,
          infiniplex_forest_clump_curved, infiniplex_forest_corner_2
D:3:      layout_basic, grunt_temple_overflow_open
D:4:      layout_loops_ring, minmay_misc_feat_doors, uniq_pikel

Skill      XL: |  1  2  3 |
---------------+----------+-----
Armour         | 2 |  2.1
Long Blades    | 3 |  3.9
Dodging        | 1 |  1.4
Fighting       | |  3.7
Stealth        | |  0.4

Action                   |  1- 3 |  4- 6 || total
-------------------------+-------+-------++-------
Melee: Falchion          |   118 |    54 ||   172
       Punch             |     2 |       ||     2
  Use: Scroll            |     6 |     3 ||     9
       Potion            |     1 |     1 ||     2
 Stab: Paralysed         |     1 |       ||     1
       Sleeping          |     1 |       ||     1
Armor: Leather armour    |    53 |    30 ||    83
Dodge: Dodged            |    84 |    23 ||   107
